 Dungeon Crawl Stone Soup version 0.21.1-1-g345015f (webtiles) character file.

3315 pk666 the Thaumaturge (level 9, 0/45 HPs)
             Began as a Deep Elf Wizard on Feb 13, 2018.
             Was an Initiate of Vehumet.
             Slain by Mgcat's ghost (2 damage)
             ... on level 8 of the Dungeon.
             The game lasted 00:36:41 (10829 turns).

pk666 the Thaumaturge (Deep Elf Wizard)            Turns: 10829, Time: 00:36:42

Health: 0/45       AC:  3    Str:  4    XL:     9   Next: 70%
Magic:  25/33      EV: 16    Int: 27    God:    Vehumet [......]
Gold:   233        SH:  0    Dex: 13    Spells: 17/26 levels left

rFire    . . .     SeeInvis .   E - +2 dagger (speed)
rCold    + . .     Gourm    .   (no shield)
rNeg     . . .     Faith    .   a - +0 robe
rPois    .         Spirit   .   b - +0 hat
rElec    .         Reflect  .   p - +0 cloak
rCorr    .         Harm     .   (no gloves)
MR       .....                  (no boots)
Stlth    ++........             (no amulet)
HPRegen  0.15/turn              e - ring of protection from cold
MPRegen  0.23/turn              f - ring of magical power

@: no status effects
A: no striking features
a: Renounce Religion


You were on level 8 of the Dungeon.
You worshipped Vehumet.
Vehumet was noncommittal.
You were near starving.

You visited 2 branches of the dungeon, and saw 9 of its levels.

You collected 233 gold pieces.

Inventory:

Hand Weapons
 E - a +2 dagger of speed (weapon)
Armour
 a - a +0 robe (worn)
 b - a +0 hat (worn)
 p - a +0 cloak (worn)
Magical Staves
 D - an uncursed staff of energy
Jewellery
 e - a ring of protection from cold (left hand)
 f - a ring of magical power (right hand)
 x - an uncursed ring of positive energy
Wands
 o - a wand of disintegration (2)
 A - a wand of iceblast (10)
 B - a wand of acid (11)
Scrolls
 g - 2 scrolls of teleportation {unknown}
 h - 2 scrolls of magic mapping {unknown}
 j - 3 scrolls of blinking {unknown}
 k - 4 scrolls of remove curse
 m - 7 scrolls of identify
 n - 3 scrolls of fog {unknown}
 u - 2 scrolls of random uselessness {unknown}
 y - a scroll of noise {unknown}
 z - a scroll of immolation {unknown}
Potions
 i - a potion of might {unknown}
 l - a potion of resistance {unknown}
 q - a potion of ambrosia {unknown}
 r - 3 potions of heal wounds
 s - 2 potions of brilliance {unknown}
 t - 2 potions of curing {unknown}
 v - 2 potions of agility {unknown}
 w - 2 potions of haste {unknown}
 C - a potion of degeneration {unknown}
Books
 c - a book of Minor Magic

   Spells                             Type                      Level
   a - Magic Dart                     Conjuration                  1
   b - Blink                          Translocation                2
   c - Call Imp                       Summoning                    2
   d - Slow                           Hexes                        2
   e - Conjure Flame                  Conjuration/Fire             3
   f - Mephitic Cloud                 Conjuration/Poison/Air       3
 F - a book of Frost

   Spells                             Type                      Level
   a - Freeze                         Ice                          1
   b - Throw Frost                    Conjuration/Ice              2
   c - Ozocubu's Armour               Charms/Ice                   3
   d - Throw Icicle                   Conjuration/Ice              4
   e - Summon Ice Beast               Ice/Summoning                4
Comestibles
 d - 5 rations


   Skills:
 - Level 3.4 Short Blades
 + Level 7.0 Dodging
 - Level 2.4 Stealth
 + Level 9.3 Spellcasting
 + Level 7.7 Conjurations
   Level 1.1 Summonings
 - Level 3.0 Translocations
 + Level 6.3 Fire Magic
 - Level 2.0 Air Magic
 - Level 3.0 Poison Magic


You had 17 spell levels left.
You knew the following spells:

 Your Spells              Type           Power        Failure   Level  Hunger
a - Magic Dart            Conj           ####         1%          1    None
b - Blink                 Tloc           N/A          1%          2    None
d - Conjure Flame         Conj/Fire      ######..     1%          3    None
z - Mephitic Cloud        Conj/Pois/Air  #####...     2%          3    None


Dungeon Overview and Level Annotations

Branches:
Dungeon (8/15)             Temple (1/1) D:7
   Lair: D:8-11

Altars:
Ashenzari
Cheibriados
Elyvilon
Fedhas
Gozag
Hepliaklqana
Kikubaaqudgha
Makhleb
Nemelex Xobeh
Okawaru
Qazlal
Ru
Sif Muna
Uskayaw
Vehumet
Wu Jian
Xom
Yredelemnul
Zin
The Shining One

Annotations:
D:2 1 exclusion, Sigmund
D:4 Grinder
D:5 4 runed doors
D:8 Mgcat's ghost, novice GrGl


Message History

Casting: Magic Dart
Confirm with . or Enter, or press ? or * to list all spells.
Aiming: Magic Dart
Press: ? - help, Shift-Dir - straight line, f/p - Mgcat's ghost
Aim: Mgcat's ghost, wielding a vorpal weapon (flame, heavily damaged)
The magic dart hits Mgcat's ghost.
Mgcat's ghost is heavily damaged.
Mgcat's ghost is engulfed in blazing flames.
Mgcat's ghost completely misses you.
Casting: Magic Dart
Confirm with . or Enter, or press ? or * to list all spells.
Aiming: Magic Dart
Press: ? - help, Shift-Dir - straight line, f/p - Mgcat's ghost
Aim: Mgcat's ghost, wielding a vorpal weapon (flame, heavily damaged)
The magic dart hits Mgcat's ghost.
Mgcat's ghost is heavily damaged.
Mgcat's ghost hits you!!
Ouch! That really hurt!
* * * LOW HITPOINT WARNING * * *
You die...

# ########.# #.....%..#.#.
+.............
#........#.#..
###############............
#..........@W............#..
#......#######.#######...#
#......# #.# .....
.######.#######.# ..###
................. ..
.######..######.# .#
#.........# .# #..
#####...#############.# ##
#... ..##...####........#.#
#.


You could see Mgcat's ghost.

Vanquished Creatures
  Pikel (D:5)
  The ghost of tidbits the Insei, a novice GnTm (D:5)
  A hornet (D:5)
  The ghost of pk666 the Magician, an amateur DEWz (D:3)
  An ice beast (D:5)
  4 slaves (D:5)
  A necrophage (D:7)
  3 ogres
  2 centaurs
  A bullfrog (D:6)
  13 wights (D:7)
  2 howler monkeys
  4 crimson imps
  4 centaur zombies
  2 bullfrog zombies
  4 hounds
  An orc priest (D:7)
  A bullfrog skeleton (D:5)
  2 iguanas
  5 orc wizards
  5 worker ants
  A hound skeleton (D:6)
  2 worker ant zombies
  8 adders
  5 oozes
  3 worms
  2 dart slugs (D:2)
  5 leopard geckos
  25 orcs
  2 ball pythons
  9 bats
  7 giant cockroaches
  2 hobgoblins
  7 jackals
  4 quokkas
  3 frilled lizards
  4 goblins
  5 kobolds
  A leopard gecko zombie (D:5)
  7 rats
161 creatures vanquished.

Notes
Turn   | Place    | Note
-------+----------+-------------------------------------------
     0 | D:1      | pk666 the Deep Elf Wizard began the quest for the Orb.
     0 | D:1      | Reached XP level 1. HP: 10/10 MP: 7/7
   382 | D:1      | Reached XP level 2. HP: 2/15 MP: 8/9
  1075 | D:2      | Reached skill level 5 in Spellcasting
  1075 | D:2      | Reached XP level 3. HP: 12/19 MP: 11/11
  1189 | D:2      | Learned a level 2 spell: Blink
  1193 | D:2      | Learned a level 3 spell: Mephitic Cloud
  1197 | D:2      | Learned a level 3 spell: Conjure Flame
  1249 | D:2      | Found an opulent altar of Gozag.
  1879 | D:2      | Found a hide-covered altar of Uskayaw.
  1881 | D:2      | Noticed a dagger
  1882 | D:2      | Noticed a hand axe
  2315 | D:2      | Reached XP level 4. HP: 24/24 MP: 13/13
  2419 | D:2      | Noticed Sigmund
  2506 | D:3      | Reached skill level 1 in Poison Magic
  2702 | D:3      | Reached skill level 1 in Air Magic
  3102 | D:3      | Reached skill level 1 in Short Blades
  3415 | D:3      | Found a deep blue altar of Sif Muna.
  3537 | D:3      | Noticed pk666's ghost (amateur DEWz)
  3573 | D:3      | Found a shattered altar of Ashenzari.
  3592 | D:3      | Killed pk666's ghost
  3592 | D:3      | Reached skill level 1 in Fire Magic
  3592 | D:3      | Reached XP level 5. HP: 26/28 MP: 13/15
  3841 | D:4      | Reached XP level 6. HP: 27/32 MP: 14/16
  4018 | D:4      | Noticed Grinder
  4028 | D:4      | Paralysed by Grinder for 5 turns
  4468 | D:5      | Entered Level 5 of the Dungeon
  4994 | D:5      | Noticed a slave
  4994 | D:5      | Noticed a slave
  4999 | D:5      | Reached skill level 6 in Spellcasting
  5008 | D:5      | Killed a slave
  5379 | D:5      | Found a large runed door.
  5381 | D:5      | Found a large runed door.
  5407 | D:5      | Killed a slave
  5558 | D:5      | Reached XP level 7. HP: 36/36 MP: 18/18
  5560 | D:5      | Noticed Pikel
  5868 | D:5      | Noticed tidbits's ghost (novice GnTm)
  5884 | D:5      | Killed tidbits's ghost
  6088 | D:5      | Found a large runed door.
  6088 | D:5      | Found a large runed door.
  6115 | D:5      | Reached skill level 5 in Conjurations
  6115 | D:5      | Reached XP level 8. HP: 41/41 MP: 8/20
  6299 | D:5      | Killed Pikel
  6299 | D:5      | Reached skill level 5 in Dodging
  6299 | D:5      | Reached skill level 7 in Spellcasting
  6437 | D:5      | Noticed a hornet
  6443 | D:5      | Killed a hornet
  7325 | D:6      | Reached skill level 8 in Spellcasting
  7328 | D:6      | Reached XP level 9. HP: 45/45 MP: 20/23
  7419 | D:6      | Reached skill level 5 in Fire Magic
  8421 | D:7      | Found a blossoming altar of Fedhas.
  9383 | D:7      | Found a staircase to the Ecumenical Temple.
  9391 | Temple   | Entered the Ecumenical Temple
  9404 | Temple   | Became a worshipper of Vehumet
  9854 | D:7      | Reached skill level 9 in Spellcasting
 10812 | D:8      | Noticed Mgcat's ghost (novice GrGl)
 10829 | D:8      | HP: 2/45 [Mgcat's ghost (27)]
 10829 | D:8      | Slain by Mgcat's ghost

Skill      XL: |  1  2  3  4  5  6  7  8  9 |
---------------+----------------------------+-----
Dodging        | 3 4 5 7 |  7.0
Spellcasting   | 5 6 8 9 |  9.3
Conjurations   | 2 3 5 6 7 |  7.7
Poison Magic   | 1 2 3 |  3.0
Air Magic      | 1 2 |  2.0
Short Blades   | 1 2 3 |  3.4
Fire Magic     | 1 2 3 4 6 |  6.3
Translocations | 2 3 |  3.0
Stealth        | |  2.4
Summonings     | |  1.1

Action                   |  1- 3 |  4- 6 |  7- 9 || total
-------------------------+-------+-------+-------++-------
Melee: Dagger            |     1 |    18 |    50 ||    69
 Cast: Magic Dart        |    82 |   161 |   387 ||   630
       Conjure Flame     |       |     8 |    43 ||    51
       Mephitic Cloud    |       |    11 |    25 ||    36
       Blink             |       |     4 |     2 ||     6
Evoke: Wand              |       |     1 |       ||     1
  Use: Scroll            |       |     2 |     1 ||     3
       Potion            |       |     1 |       ||     1
 Stab: Sleeping          |     1 |       |       ||     1
       Confused          |       |     1 |       ||     1
  Eat: Chunk             |     4 |     5 |     2 ||    11
       Ration            |       |     1 |     4 ||     5
Armor: Robe              |     6 |    11 |     8 ||    25
Dodge: Dodged            |    23 |    30 |    35 ||    88
